 Dungeon Crawl Stone Soup version 0.28-a0-472-g50180c0d78 (webtiles) character file.

Game seed: 12435084601938064404

393 Kavrick the Ducker (level 6, 0/28 HPs)
             Began as a Spriggan Venom Mage on Sept 14, 2021.
             Slain by a bullfrog skeleton (5 damage)
             ... on level 4 of the Dungeon.
             The game lasted 00:15:28 (4214 turns).

Kavrick the Ducker (Spriggan Venom Mage)            Turns: 4214, Time: 00:15:28

Health: 0/28       AC:  2    Str:  4    XL:     6   Next: 51%
Magic:  9/13       EV: 19    Int: 19    God:
Gold:   159        SH:  0    Dex: 15    Spells: 10/13 levels left

rFire   . . .      SeeInvis +   b - staff of poison
rCold   + . .      Faith    .   (shield currently unavailable)
rNeg    . . .      Spirit   .   a - +0 robe
rPois   +          Reflect  .   (helmet restricted)
rElec   .          Harm     .   (no cloak)
rCorr   .          Rampage  .   (gloves unavailable)
Will    +....                   (boots unavailable)
Stlth   ++........              f - amulet of magic regeneration
HPRegen 0.09/turn               i - ring of protection from cold
MPRegen 0.38/turn               u - ring of poison resistance

@: very quick
A: very small, no large weapons, unfitting armour, see invisible, speed 3
a: no special abilities


You were on level 4 of the Dungeon.
You visited 1 branch of the dungeon, and saw 4 of its levels.

You collected 159 gold pieces.

Inventory:

Hand Weapons
 c - a +0 rapier
 e - a +0 dagger
Armour
 a - a +0 robe (worn)
Magical Staves
 b - a staff of poison (weapon)
 g - a staff of earth
 k - a staff of death
Jewellery
 d - a ring of fire
 f - an amulet of magic regeneration (around neck)
 i - a ring of protection from cold (left hand)
 u - a ring of poison resistance (right hand)
Scrolls
 h - a scroll of acquirement {unknown}
 j - a scroll of torment {unknown}
 m - 2 scrolls of teleportation {unknown}
 n - 2 scrolls of noise {unknown}
 p - 3 scrolls of identify {unknown}
 s - a scroll of fear {unknown}
 t - a scroll of immolation {unknown}
Potions
 l - a potion of resistance {unknown}
 o - a potion of attraction {unknown}
 q - a potion of lignification {unknown}
 r - a potion of brilliance {unknown}
 v - a potion of haste


   Skills:
 - Level 1.0 Short Blades
 + Level 4.7 Dodging
 - Level 3.1 Stealth
 + Level 4.4 Spellcasting
 + Level 4.0 Transmutations
 + Level 2.2 Air Magic
 + Level 4.2 Poison Magic


You had 10 spell levels left.
You knew the following spells:

 Your Spells              Type           Power      Damage    Failure   Level
a - Sting                 Tmut/Pois      100%       1d8       2%          1
b - Poisonous Vapours     Pois/Air       48%        N/A       5%          2

Your spell library contained the following spells:

 Spells                   Type           Power      Damage    Failure   Level
 Mephitic Cloud           Conj/Pois/Air  18%        N/A       16%         3
 Olgreb's Toxic Radiance  Pois           30%        N/A       22%         4


Dungeon Overview and Level Annotations

Branches:
Dungeon (4/15)
 Temple: D:4-7

Altars:
Nemelex Xobeh

Annotations:
D:4 Grinder


Innate Abilities, Weirdness & Mutations

You are very small and have problems with some larger weapons.
You are too small for most types of armour.
You have supernaturally acute eyesight. (SInv)
You cover ground extremely quickly. (Speed+++)


Message History

You are too injured to fight recklessly!
You are too injured to fight recklessly!
You barely miss the bullfrog skeleton.
The bullfrog skeleton is moderately damaged.
Grinder is no longer moving quickly.
Grinder blinks!
The bullfrog skeleton hits you.
Grinder blinks!
The bullfrog skeleton closely misses you.
You are too injured to fight recklessly!
You hit the bullfrog skeleton.
The bullfrog skeleton is heavily damaged.
The bullfrog skeleton misses you.
You are too injured to fight recklessly!
You are too injured to fight recklessly!
You hit the bullfrog skeleton but do no damage.
The bullfrog skeleton is heavily damaged.
The bullfrog skeleton misses you.
Grinder blinks!
The bullfrog skeleton hits you.
* * * LOW HITPOINT WARNING * * *
Okay, then.
Okay, then.
You are too injured to fight recklessly!
Casting: Sting (safe; 2% risk of failure)
Confirm with . or Enter, or press ? or * to list all spells.
Aiming: Sting (safe; 2% risk of failure)
Press: ? - help, Shift-Dir - straight line, f - bullfrog skeleton
Aim: a bullfrog skeleton (heavily damaged, 92% to hit)
You feel a surge of power!
The sting hits the bullfrog skeleton.
The bullfrog skeleton is heavily damaged.
The bullfrog skeleton hits you but does no damage.
Grinder blinks!
Casting: Sting (safe; 2% risk of failure)
Confirm with . or Enter, or press ? or * to list all spells.
Aiming: Sting (safe; 2% risk of failure)
Press: ? - help, Shift-Dir - straight line, f/p - bullfrog skeleton
Aim: a bullfrog skeleton (heavily damaged, 92% to hit)
You feel a surge of power!
The sting hits the bullfrog skeleton.
The bullfrog skeleton partially resists.
The bullfrog skeleton is heavily damaged.
The bullfrog skeleton hits you.
You die...

##........###.#
#...........#.#
#.............#####
#..........#.......
#............#### $
#........♣♣.♣♣ ..
##.......♣#'# ...
##......♣#_#♣######§...
#######♣#'#♣@Z.......#
#..♣♣.♣♣##.....##
#.....# #..##....
#.....# #.## ##
#.....###..#
#..).......#
#.<...#.#### #.....5#
#.....#


You could see a bullfrog skeleton.

Vanquished Creatures
  Duvessa (D:4)
  A scorpion (D:3)
  Dowan (D:4)
  An iguana (D:4)
  A hound skeleton (D:4)
  6 adders
  2 worms (D:2)
  A dart slug (D:2)
  An orc (D:3)
  6 ball pythons
  6 bats
  11 endoplasms
  A giant cockroach (D:2)
  10 goblins
  6 hobgoblins
  8 jackals (D:1)
  A quokka (D:3)
  3 frilled lizards
  5 kobolds
  5 rats
77 creatures vanquished.

Notes
Turn   | Place    | Note
-------+----------+-------------------------------------------
     0 | D:1      | Kavrick the Spriggan Venom Mage began the quest for the
                  | Orb.
     0 | D:1      | Reached XP level 1. HP: 9/9 MP: 5/5
   583 | D:1      | Reached XP level 2. HP: 13/13 MP: 3/6
   885 | D:1      | Found a faded altar of an unknown god.
  1522 | D:1      | Reached XP level 3. HP: 16/16 MP: 5/8
  1526 | D:1      | Reached skill level 1 in Short Blades
  1698 | D:1      | Learned a level 2 spell: Poisonous Vapours
  2262 | D:2      | Reached XP level 4. HP: 21/21 MP: 8/10
  3057 | D:3      | Reached skill level 1 in Air Magic
  3441 | D:3      | Noticed a scorpion
  3461 | D:3      | Killed a scorpion
  3462 | D:3      | Reached XP level 5. HP: 24/24 MP: 7/11
  3906 | D:4      | Noticed Dowan
  3909 | D:4      | Noticed Duvessa
  3947 | D:4      | Killed Dowan
  4008 | D:4      | Killed Duvessa
  4009 | D:4      | Reached XP level 6. HP: 28/28 MP: 7/13
  4094 | D:4      | Found a sparkling altar of Nemelex Xobeh.
  4162 | D:4      | Noticed Grinder
  4203 | D:4      | Paralysed by Grinder for 7 turns
  4214 | D:4      | Slain by a bullfrog skeleton

Illustrated notes

Levels and vault maps discovered:
D:1:      tarquinn_simple_flora_water_c, layout_basic,
          dreamdust_ecumenical_altar_hidden_monk_grotto
D:2:      layout_basic, nrook_campfire
D:3:      layout_rooms
D:4:      layout_rooms, kennysheep_mini_moat, minmay_misc_feat_x,
          minmay_shop_mayhem, grunt_ministairs_13, kennysheep_another_room,
          minmay_close_crescents, uniq_duvessa, uniq_pikel, uniq_edmund,
          uniq_grinder

Skill      XL: |  1  2  3  4  5  6 |
---------------+-------------------+-----
Dodging        | 3 4 |  4.7
Spellcasting   | 3 4 |  4.4
Transmutations | 2 3 4 |  4.0
Short Blades   | 1 |  1.0
Air Magic      | 1 2 |  2.2
Poison Magic   | 4 |  4.2
Stealth        | |  3.1

Action                   |  1- 3 |  4- 6 || total
-------------------------+-------+-------++-------
Melee: Rapier            |    15 |       ||    15
       Staff             |     2 |    19 ||    21
 Cast: Sting             |    53 |    74 ||   127
       Poisonous Vapours |    10 |    35 ||    45
  Use: Scroll            |     1 |       ||     1
Armor: Robe              |     8 |     5 ||    13
Dodge: Dodged            |    24 |    60 ||    84

Table legend: (Time is in decaauts)
 A = Elapsed time spent in this place.
 B = Non-inter-level travel time spent in this place.
 C = Inter-level travel time spent in this place.
 D = Time resting spent in this place.
 E = Time spent auto-exploring this place.
 F = Levels seen in this place.
 G = Mean time per level.
                   A        B        C        D        E       F      G
               +--------+--------+--------+--------+--------+-----+--------+
         Total |   3212 |   3159 |     53 |    708 |   1677 |   4 |  803.0 |
       Dungeon |   3212 |   3159 |     53 |    708 |   1677 |   4 |  803.0 |
               +--------+--------+--------+--------+--------+-----+--------+

Top non-repeatable levels by time:
     D:1: 1520 daAuts
     D:2: 807 daAuts
     D:3: 556 daAuts
     D:4: 328 daAuts
